 Dungeon Crawl Stone Soup version 0.30-a0-719-gcc4359ea44 (webtiles) character file.

Game seed: 1462343372737900366

5 sircluck the Slasher (level 1, -2/18 HPs)
             Began as a Human Berserker on Jan 26, 2023.
             Was a Follower of Trog.
             Slain by a quokka (3 damage)
             ... on level 1 of the Dungeon.
             The game lasted 00:01:09 (258 turns).

sircluck the Slasher (Human Berserker)               Turns: 258, Time: 00:01:09

Health: -2/18      AC:  2    Str: 17    XL:     1   Next: 88%
Magic:  1/1        EV: 12    Int:  7    God:    Trog [*.....]
Gold:   7          SH:  0    Dex: 12    Spells: 0/0 levels left

rFire   . . .      SeeInvis .    a - +0 falchion
rCold   . . .      Faith    .    (no shield)
rNeg    . . .      Spirit   .    b - +0 animal skin
rPois   .          Reflect  .    (no helmet)
rElec   .          Harm     .    (no cloak)
rCorr   .          Rampage  .    (no gloves)
Will    .....                    (no boots)
Stlth   +                        (no amulet)
HPRegen 0.23/turn                (no ring)
MPRegen 0.07/turn                (no ring)

@: no status effects
A: no striking features
a: Renounce Religion, Berserk


You were on level 1 of the Dungeon.
You worshipped Trog.
Trog was aware of your devotion.
You visited 1 branch of the dungeon, and saw 1 of its levels.

You collected 7 gold pieces.

Inventory:

Hand Weapons
 a - a +0 falchion (weapon)
 c - a +0 spear
Armour
 b - a +0 animal skin (worn)
Scrolls
 d - a scroll of enchant weapon {unknown}
Potions
 e - a potion of attraction {unknown}


   Skills:
 + Level 3.0 Fighting
 + Level 3.1 Long Blades
 + Level 2.1 Armour
 + Level 2.0 Dodging


You couldn't memorise any spells.
You didn't know any spells.
Your spell library was empty.

Dungeon Overview and Level Annotations

Branches:
Dungeon (1/15)

Altars:


Message History

You open the door.
There is an open door here.
There is an open door here.
You open the door.
There is an open door here.
Found 7 gold pieces.
You now have 7 gold pieces.
A ball python comes into view.
The ball python barely misses you. The ball python misses you.
You hit the ball python.
You kill the ball python!
Trog accepts your kill.
Found an escape hatch in the floor.
A hobgoblin comes into view.
The hobgoblin shouts!
You barely miss the hobgoblin. The hobgoblin closely misses you.
You hit the hobgoblin but do no damage. The hobgoblin misses you.
You hit the hobgoblin.
You kill the hobgoblin!
Trog accepts your kill.
A rat comes into view.
You see here a hobgoblin corpse.
The rat closely misses you. The rat misses you.
You slash the rat!
You kill the rat!
Trog accepts your kill.
You see here a rat corpse.
A quokka comes into view.
The quokka bites you. The quokka bites you.
The quokka attacks as you move away! The quokka bites you.
* * * LOW HITPOINT WARNING * * *
The quokka bites you.
* * * LOW HITPOINT WARNING * * *
You hit the quokka but do no damage. The quokka bites you.
* * * LOW HITPOINT WARNING * * *
The quokka closely misses you. The quokka attacks as you move away!
The quokka bites you.
You die...

#.#.# #. #.#.# ###.# .
####.#.##.... ...####
........... ....... ........#
#..... ####...#.# #..###
#........# #..# # ##.##..@#
#..# ##..###.....r.#### #..#
........#...........# #..###
##..###........###..# #.....
#.............# #..# #.##.
#..####.......# #..# #....
#.....†.....#####..# ####.
#####...†..........#########.
#####...##.##............


You could see a quokka.

Vanquished Creatures
  A giant cockroach (D:1)
  A hobgoblin (D:1)
  2 ball pythons (D:1)
  A rat (D:1)
5 creatures vanquished.

Notes
Turn   | Place    | Note
-------+----------+-------------------------------------------
     0 | D:1      | sircluck the Human Berserker began the quest for the Orb.
     0 | D:1      | Reached XP level 1. HP: 18/18 MP: 1/1
   258 | D:1      | Slain by a quokka

Illustrated notes

Levels and vault maps discovered:
D:1:      nicolae_arrival_somewhat_less_tricky_arrival, layout_loops_ring,
          hellmonk_ecumenical_altar_watching_god, st_stairs_3

Action                     || total
---------------------------++-------
  Melee: Falchion          ||    10
 Armour: Animal skin       ||     2
  Dodge: Dodged            ||    10

Table legend: (Time is in decaauts)
 A = Elapsed time spent in this place.
 B = Non-inter-level travel time spent in this place.
 C = Inter-level travel time spent in this place.
 D = Time resting spent in this place.
 E = Time spent auto-exploring this place.
 F = Levels seen in this place.
 G = Mean time per level.
                   A        B        C        D        E       F      G
               +--------+--------+--------+--------+--------+-----+--------+
         Total |    259 |    252 |      7 |      0 |      0 |   1 |  259.0 |
       Dungeon |    259 |    252 |      7 |      0 |      0 |   1 |  259.0 |
               +--------+--------+--------+--------+--------+-----+--------+

Top non-repeatable levels by time:
     D:1: 259 daAuts
